 Dungeon Crawl Stone Soup version 0.30-a0-1094-g860fb061e7 (webtiles) character file.

Game seed: 17853493358745906201

92 Kauriferous the Covered (level 4, -5/40 HPs)
             Began as a Minotaur Fighter on Apr 17, 2023.
             Slain by a gnoll
             ... wielding a +0 halberd
             ... led by a gnoll bouda
              (11 damage)
             ... on level 3 of the Dungeon.
             The game lasted 00:03:30 (1364 turns).

Kauriferous the Covered (Minotaur Fighter)          Turns: 1364, Time: 00:03:31

Health: -5/40      AC: 10    Str: 22    XL:     4   Next: 35%
Magic:  3/3        EV:  8    Int:  5    God:
Gold:   92         SH:  4    Dex: 10    Spells: 3/3 levels left

rFire   . . .      SeeInvis .    a - +0 war axe
rCold   . . .      Faith    .    c - +0 buckler
rNeg    . . .      Spirit   .    e - +0 chain mail
rPois   .          Reflect  .    (helmet restricted)
rElec   .          Rampage  .    l - +0 cloak
rCorr   .                        (no gloves)
Will    .....                    (no boots) Stlth
                                 (no amulet)
HPRegen 0.26/turn                (no ring)
MPRegen 0.08/turn                (no ring)

@: mighty
A: horns 2, retaliatory headbutt
a: no special abilities


You were on level 3 of the Dungeon.
You visited 1 branch of the dungeon, and saw 3 of its levels.

You collected 92 gold pieces.

Inventory:

Hand Weapons
 a - a +0 war axe (weapon)
Missiles
 i - 3 poisoned darts (quivered)
Armour
 c - a +0 buckler (worn)
 e - a +0 chain mail (worn)
 l - a +0 cloak (worn)
Wands
 k - a wand of roots (10)
Scrolls
 b - a scroll of acquirement {unknown}
 g - 2 scrolls of identify {unknown}
 h - 8 scrolls of teleportation {unknown}
 j - a scroll of blinking {unknown}
 m - a scroll of magic mapping {unknown}
 n - a scroll of enchant weapon {unknown}
Potions
 f - a potion of haste {unknown}
 o - a potion of curing {unknown}


   Skills:
 + Level 4.2 Fighting
 * Level 4.0 Axes
 + Level 4.3 Armour
 + Level 4.2 Shields


You had 3 spell levels left.
You didn't know any spells.
Your spell library contained the following spells:

 Spells                   Type           Power      Damage    Failure   Level
 Sandblast                Erth           0%         2d4       99%         1
 Cigotuvi's Dreadful Rot  Necr/Pois/Air  0%         N/A       100%        2
 Lesser Beckoning         Tloc           0%         N/A       100%        2
 Passwall                 Tmut/Erth      0%         N/A       100%        2
 Gell's Gravitas          Tloc           0%         N/A       100%        3
 Stone Arrow              Conj/Erth      0%         3d7       100%        3
 Teleport Other           Tloc           0%         N/A       100%        3
 Dispel Undead            Necr           0%         3d6       100%        4
 Death Channel            Necr           0%         N/A       100%        6


Dungeon Overview and Level Annotations

Branches:
Dungeon (3/15)

Altars:

Shops:
D:1 :


Innate Abilities, Weirdness & Mutations

You have a pair of horns on your head.
You reflexively headbutt those who attack you in melee.


Message History

You kill the gnoll!
The gnoll barely misses you.
Your Axes skill increases to level 4!
You hit the gnoll but do no damage. The gnoll barely misses you.
The gnoll hits you from afar with a +0 halberd.
You hit the gnoll bouda.
The gnoll bouda is moderately wounded.
The gnoll hits you from afar with a +0 halberd.
The gnoll bouda hits you with a +0 club.
The gnoll hits you but does no damage.
You closely miss the gnoll bouda.
The gnoll bouda is moderately wounded.
You block the gnoll's attack. You block the gnoll bouda's attack.
You hit the gnoll bouda but do no damage.
Your headbutt misses the gnoll bouda.
The gnoll bouda is moderately wounded.
The gnoll hits you but does no damage.
The gnoll bouda hits you with a +0 club!
* * * LOW HITPOINT WARNING * * *
Unknown command.
You feel very mighty all of a sudden. You block the gnoll's attack.
The gnoll bouda hits you with a +0 club.
* * * LOW HITPOINT WARNING * * *
You barely miss the gnoll bouda.
The gnoll bouda is moderately wounded.
The gnoll hits you from afar with a +0 halberd.
* * * LOW HITPOINT WARNING * * *
The gnoll bouda hits you but does no damage.
The gnoll hits you from afar with a +0 halberd.
* * * LOW HITPOINT WARNING * * *
The gnoll bouda barely misses you.
You closely miss the gnoll bouda.
The gnoll bouda is moderately wounded.
The gnoll closely misses you. You block the gnoll bouda's attack.
You slash the gnoll bouda!
You kill the gnoll bouda!
A ball python comes into view.
The gnoll hits you from afar with a +0 halberd!
You die...

##.......## ##<.#####.
#.S.......####........
+.........+.......####
#.........####...##
#.......# #..##
#.....######.###
##.gg###.......# ##g##
#.###.#.## #@# #....#
#.# ###.<# ##.##
#.#####..#
##...###>.......#
#.....#########.#
##...## #.#
##.###########.#
#.######............#
#........############


You could see 3 gnolls and a ball python (wandering).

Vanquished Creatures
  A gnoll bouda (D:3)
  Jessica (D:2)
  2 gnolls (D:3)
  2 adders (D:2)
  2 dart slugs (D:2)
  2 ball pythons (D:1)
  4 endoplasms
  2 giant cockroaches
  2 goblins (D:1)
  2 hobgoblins (D:2)
  2 frilled lizards (D:1)
  3 kobolds (D:2)
  3 rats (D:1)
28 creatures vanquished.

Vanquished Creatures (others)
  3 plants (D:3)
3 creatures vanquished.

Grand Total: 31 creatures vanquished

Notes
Turn   | Place    | Note
-------+----------+-------------------------------------------
     0 | D:1      | Kauriferous the Minotaur Fighter began the quest for the
                  | Orb.
     0 | D:1      | Reached XP level 1. HP: 19/19 MP: 0/0
   154 | D:1      | You fall into a shaft and drop 1 floor!
   232 | D:1      | Reached XP level 2. HP: 21/27 MP: 1/1
   332 | D:1      | Found Hijuck's Book Emporium.
   706 | D:2      | Found a faded altar of an unknown god.
   715 | D:2      | Noticed Jessica
   723 | D:2      | Killed Jessica
   724 | D:2      | Reached XP level 3. HP: 24/33 MP: 2/2
  1114 | D:2      | Reached XP level 4. HP: 40/40 MP: 3/3
  1364 | D:3      | Slain by a gnoll

Illustrated notes

Levels and vault maps discovered:
D:1:      ncdulo_smallfort, layout_rooms, serial_shops, shop
D:2:      kb_forest_paths, layout_rooms, hellmonk_ecumenical_altar_run_dry,
          uniq_jessica
D:3:      layout_loops_corners, nicolae_grassy_gnolls

Skill      XL: |  1  2  3  4 |
---------------+-------------+-----
Axes           | 3 4 |  4.0
Fighting       | 4 |  4.2
Armour         | 4 |  4.3
Shields        | 4 |  4.2

Action                     |  1- 3 |  4- 6 || total
---------------------------+-------+-------++-------
  Melee: War axe           |    43 |    20 ||    63
         Headbutt          |     6 |     2 ||     8
    Use: Potion            |       |     1 ||     1
 Armour: Chain mail        |    17 |     7 ||    24
         Scale mail        |     1 |       ||     1
  Dodge: Dodged            |    15 |    11 ||    26
  Block: Buckler           |     7 |     7 ||    14

Table legend: (Time is in decaauts)
 A = Elapsed time spent in this place.
 B = Non-inter-level travel time spent in this place.
 C = Inter-level travel time spent in this place.
 D = Time resting spent in this place.
 E = Time spent auto-exploring this place.
 F = Levels seen in this place.
 G = Mean time per level.
                   A        B        C        D        E       F      G
               +--------+--------+--------+--------+--------+-----+--------+
         Total |   1387 |   1324 |     63 |    148 |    935 |   3 |  462.3 |
       Dungeon |   1387 |   1324 |     63 |    148 |    935 |   3 |  462.3 |
               +--------+--------+--------+--------+--------+-----+--------+

Top non-repeatable levels by time:
     D:2: 708 daAuts
     D:1: 581 daAuts
     D:3: 97 daAuts
